[Event "Titled Tuesday Blitz May 03 Early 2022"]
[White "Khokhlova, Daria"]
[Black "Gurevich, Dmitry"]
[WhiteFideId "24182729"]
[BlackFideId "2000407"]
[WhiteElo "2034"]
[BlackElo "2506"]
[Result "0-1"]
[Round "07"]
[TimeControl "180+1"]
[Date "2022.05.03"]
[WhiteClock "0:00:13"]
[BlackClock "0:01:01"]

1. d4 Nf6 2. c4 a6 3. Nc3 c5 4. d5 b5 5. cxb5 axb5 6. Nxb5 Qa5+ 7. Nc3 Bb7 8. Bd2 Qb6 9. e4 e6 10. Bc4 Nxe4 11. Nxe4 exd5 12. Bxd5 Bxd5 13. Qe2 Qe6 14. f3 Nc6 15. Bc3 Bc4 16. Qe3 d5 17. b3 Ba6 18. Nh3 d4 19. Qf4 dxc3 20. Kf2 Qe5 21. Qc1 Qd4+ 22. Kg3 Bd6+ 23. Nxd6+ Qxd6+ 24. Kf2 Qd2+ 25. Qxd2 cxd2 26. Rhd1 O-O-O 27. Nf4 Rhe8 28. a4 g5 29. Nh3 h6 30. Ra2 Re2+ 31. Kg3 f5 32. Ng1 Re1 33. Raa1 Rxd1 34. Rxd1 Na5 35. f4 Nxb3 36. fxg5 hxg5 37. Nf3 Rd3 38. Kf2 c4 39. Ne5 Rd5 40. Nf3 c3 0-1


[Site "https://www.chess.com"]

[Event "Titled Tuesday Blitz May 03 Early 2022"]
[White "Kim, Sergey"]
[Black "Odegov, Artem"]
[WhiteFideId "13700570"]
[BlackFideId "34183644"]
[WhiteElo "2565"]
[BlackElo "2286"]
[Result "0-1"]
[Round "07"]
[TimeControl "180+1"]
[Date "2022.05.03"]
[WhiteClock "0:00:02"]
[BlackClock "0:00:03"]

1. d4 Nf6 2. c4 e6 3. Nc3 d5 4. Nf3 Be7 5. Bf4 O-O 6. e3 c5 7. Bd3 Nc6 8. O-O cxd4 9. exd4 b6 10. a3 Bb7 11. Re1 Rc8 12. cxd5 Nxd5 13. Bd2 Bf6 14. Be3 Nxc3 15. bxc3 Na5 16. Rc1 Qd5 17. Qe2 Nc4 18. h3 Rfd8 19. Red1 h6 20. Ne1 b5 21. Qg4 h5 22. Qg3 Nb2 23. Rd2 Nxd3 24. Rxd3 Rc4 25. Rcd1 Rdc8 26. Bd2 a5 27. Rf3 Be7 28. Qf4 Bf6 29. Rg3 Kf8 30. Nd3 h4 31. Rg4 b4 32. axb4 a4 33. Nc5 a3 34. Nxb7 Qxb7 35. Ra1 Qa6 36. Ra2 Qa4 37. Kh2 Bd8 38. Qf3 Bc7+ 39. g3 hxg3+ 40. fxg3 Bd6 41. Rh4 Qb3 42. Ra1 Qb2 43. Rd1 a2 44. Rh8+ Ke7 45. Rxc8 Rxc8 46. Qb7+ Rc7 47. Qa6 Rxc3 48. Qa7+ Rc7 49. Qa4 Rc2 0-1


[Site "https://www.chess.com"]

[Event "Titled Tuesday Blitz May 03 Early 2022"]
[White "Kohler, Aran"]
[Black "Dang, Hoang Son"]
[WhiteFideId "1002856"]
[BlackFideId "12402435"]
[WhiteElo "2306"]
[BlackElo "2252"]
[Result "0-1"]
[Round "07"]
[TimeControl "180+1"]
[Date "2022.05.03"]
[WhiteClock "0:00:17"]
[BlackClock "0:00:14"]

1. d4 Nf6 2. Nf3 g6 3. Bg5 Bg7 4. Nbd2 O-O 5. c3 d6 6. e3 c5 7. Bd3 Nc6 8. Qe2 h6 9. Bxf6 Bxf6 10. O-O-O cxd4 11. exd4 Rb8 12. Kb1 b5 13. Ne4 Bg7 14. d5 Na5 15. Ka1 b4 16. c4 b3 17. a3 Ba6 18. Rc1 Nb7 19. Kb1 f5 20. Nc3 Nc5 21. Nb5 Bxb5 22. cxb5 Na4 23. Qe6+ Kh7 24. h4 Bxb2 25. Ng5+ Kg7 26. h5 Rf6 27. hxg6 Bxc1 0-1


[Site "https://www.chess.com"]

[Event "Titled Tuesday Blitz May 03 Early 2022"]
[White "Kollars, Dmitrij"]
[Black "Bok, Benjamin"]
[WhiteFideId "12909572"]
[BlackFideId "1017063"]
[WhiteElo "2584"]
[BlackElo "2658"]
[Result "1-0"]
[Round "07"]
[TimeControl "180+1"]
[Date "2022.05.03"]
[WhiteClock "0:00:13"]
[BlackClock "0:00:01"]

1. e4 e5 2. Nf3 Nc6 3. Bc4 Bc5 4. c3 Nf6 5. d4 exd4 6. cxd4 Bb4+ 7. Nbd2 Bxd2+ 8. Bxd2 Nxe4 9. d5 Ne7 10. Bb4 d6 11. O-O O-O 12. Re1 Nf6 13. Bc3 Ng6 14. h3 Bd7 15. Qd4 Re8 16. Bb3 a5 17. a4 c5 18. dxc6 Bxc6 19. Rxe8+ Qxe8 20. Qxd6 Ne4 21. Qd4 Nxc3 22. Qxc3 Nf4 23. Kh2 Qe2 24. Qe5 Qxe5 25. Nxe5 Bxg2 26. Kg3 g5 27. Nxf7 Kg7 28. Nxg5 1-0


[Site "https://www.chess.com"]

[Event "Titled Tuesday Blitz May 03 Early 2022"]
[White "Korchmar, Vasiliy"]
[Black "Varshini, V"]
[WhiteFideId "24131750"]
[BlackFideId "5091241"]
[WhiteElo "2370"]
[BlackElo "1948"]
[Result "1/2-1/2"]
[Round "07"]
[TimeControl "180+1"]
[Date "2022.05.03"]
[WhiteClock "0:00:04"]
[BlackClock "0:00:03"]

1. e4 c5 2. Nf3 d6 3. d4 cxd4 4. Nxd4 Nf6 5. Nc3 a6 6. f3 e5 7. Nb3 Be6 8. Be3 Be7 9. Qd2 O-O 10. g4 Nbd7 11. O-O-O b5 12. h4 b4 13. Nd5 Bxd5 14. exd5 Nb6 15. Bxb6 Qxb6 16. h5 h6 17. Kb1 Nd7 18. Bd3 Bg5 19. Qe2 Qe3 20. Qf1 a5 21. Nd2 Nf6 22. Ne4 Nxe4 23. Bxe4 a4 24. Qd3 Qc5 25. Bf5 Rfb8 26. Rhe1 Ra5 27. Re4 b3 28. cxb3 axb3 29. a3 Qb6 30. Rb4 Rb5 31. Qxb3 Rxb4 32. Qxb4 Qxb4 33. axb4 Rxb4 34. Kc2 Be3 35. Ra1 Rb8 36. Ra6 Bd4 37. Rxd6 Rxb2+ 38. Kd3 Rb8 39. Rd7 Kf8 40. d6 Rb3+ 41. Kc4 Rb8 42. Kd5 Ke8 43. Ke4 Rd8 44. Re7+ Kf8 45. Bd7 f6 46. Kd5 Bb2 47. Ke6 Ba3 48. Rf7+ Kg8 49. Re7 Kf8 50. Rf7+ Kg8 51. Re7 Kf8 1/2-1/2


[Site "https://www.chess.com"]

[Event "Titled Tuesday Blitz May 03 Early 2022"]
[White "Kosteniuk, Alexandra"]
[Black "Petrovic, Aleksa"]
[WhiteFideId "4128125"]
[BlackFideId "967629"]
[WhiteElo "2469"]
[BlackElo "2198"]
[Result "1-0"]
[Round "07"]
[TimeControl "180+1"]
[Date "2022.05.03"]
[WhiteClock "0:00:36"]
[BlackClock "0:00:01"]

1. e4 e6 2. d4 d5 3. exd5 exd5 4. Nf3 Bd6 5. c4 dxc4 6. Bxc4 Nf6 7. O-O O-O 8. Nc3 Nbd7 9. Bg5 Nb6 10. Bd3 Be7 11. Re1 h6 12. Bh4 c6 13. Bc2 Bg4 14. Qd3 g5 15. Nxg5 hxg5 16. Bxg5 Nbd7 17. Qg3 Kg7 18. h3 Rh8 19. hxg4 Nf8 20. Rad1 Ne6 21. Bxf6+ Bxf6 22. d5 cxd5 23. Nxd5 Bg5 24. Qe5+ Bf6 25. Nxf6 Qxf6 26. Rd7 Qxe5 27. Rxe5 Rac8 28. Bd1 Rh6 29. g3 Rch8 30. Bf3 Kf6 31. Rf5+ Kg6 32. Rfxf7 Ng5 33. Rg7+ Kf6 34. Rxg5 Kxg5 35. Rxb7 Rb6 36. Rxa7 Rxb2 37. Ra5+ Kf6 38. g5+ Ke6 39. g6 Rb1+ 40. Kg2 Rhh1 41. Bd5+ Kf6 42. Ra6+ Kg7 43. Be4 Rbg1+ 44. Kf3 Rh8 45. Ra7+ Kh6 46. Bf5 Rc1 47. g4 Rc3+ 48. Kf4 Rc4+ 49. Kg3 Kg5 50. g7 Rg8 51. Be6 Rc3+ 52. f3 Rxg7 53. Rxg7+ Kh6 54. Ra7 1-0


[Site "https://www.chess.com"]

[Event "Titled Tuesday Blitz May 03 Early 2022"]
[White "Krstulovic, Alex"]
[Black "Sebag, Marie"]
[WhiteFideId "760056"]
[BlackFideId "617822"]
[WhiteElo "2193"]
[BlackElo "2440"]
[Result "1-0"]
[Round "07"]
[TimeControl "180+1"]
[Date "2022.05.03"]
[WhiteClock "0:00:33"]
[BlackClock "0:00:02"]

1. e4 c5 2. Nf3 d6 3. d4 cxd4 4. Nxd4 Nf6 5. Nc3 a6 6. Be3 e5 7. Nb3 Be7 8. f3 Be6 9. Qd2 O-O 10. O-O-O a5 11. a4 Nc6 12. g4 Nb4 13. h4 d5 14. g5 Nxe4 15. fxe4 d4 16. Nxd4 exd4 17. Bxd4 Qc7 18. h5 Rfd8 19. Qe3 Rac8 20. g6 Na2+ 21. Kb1 Nxc3+ 22. bxc3 h6 23. gxf7+ Bxf7 24. Bh3 Qc4 25. Rhg1 Rxd4 26. Qxd4 Qa2+ 27. Kc1 Qa3+ 28. Kd2 Rd8 29. Bd7 Bg5+ 30. Ke1 Rxd7 31. Qxd7 Qxc3+ 32. Kf2 Bxh5 33. Qd3 Qc5+ 34. Qd4 Qxc2+ 35. Kg3 Bxd1 36. Rxd1 Qc7+ 37. Qd6 Qc3+ 38. Rd3 Qc1 39. Qe6+ Kh7 40. Qf5+ 1-0


[Site "https://www.chess.com"]

[Event "Titled Tuesday Blitz May 03 Early 2022"]
[White "Lauridsen, Jesper Morch"]
[Black "Borgaonkar Akshay"]
[WhiteFideId "1401890"]
[BlackFideId "25639110"]
[WhiteElo "2233"]
[BlackElo "1624"]
[Result "1-0"]
[Round "07"]
[TimeControl "180+1"]
[Date "2022.05.03"]
[WhiteClock "0:01:01"]
[BlackClock "0:01:06"]

1. e4 c5 2. d4 e6 3. Nf3 cxd4 4. Nxd4 Nc6 5. Nc3 Qc7 6. Be3 a6 7. Be2 Nf6 8. O-O Be7 9. f4 d6 10. Kh1 O-O 11. Qd2 Nxd4 12. Qxd4 b5 13. e5 dxe5 14. fxe5 Nd7 15. Bf3 Rb8 16. Bf4 b4 17. Ne4 Bb7 18. Nd6 Bxf3 19. Rxf3 Rfd8 20. Bh6 gxh6 21. Rxf7 Bg5 22. Qd3 1-0


[Site "https://www.chess.com"]

[Event "Titled Tuesday Blitz May 03 Early 2022"]
[White "Le Ruyet, Leopold"]
[Black "Kozin, Yuri"]
[WhiteFideId "645923"]
[BlackFideId "4129920"]
[WhiteElo "2276"]
[BlackElo "2585"]
[Result "0-1"]
[Round "07"]
[TimeControl "180+1"]
[Date "2022.05.03"]
[WhiteClock "0:00:12"]
[BlackClock "0:00:44"]

1. c4 c5 2. Nc3 Nf6 3. e4 Nc6 4. g3 e6 5. Bg2 a6 6. Nge2 Qc7 7. O-O Be7 8. d4 cxd4 9. Nxd4 O-O 10. Be3 Ne5 11. b3 d6 12. Rc1 Bd7 13. h3 Rac8 14. f4 Ng6 15. f5 Ne5 16. g4 h6 17. Qd2 Nh7 18. Nf3 Nxf3+ 19. Bxf3 Qb8 20. Bf4 Rfd8 21. Bg2 Bc6 22. Qf2 b5 23. cxb5 axb5 24. b4 Bg5 25. h4 Bxf4 26. Qxf4 Qa7+ 27. Kh2 Qe7 28. Kg3 e5 29. Qe3 Nf6 30. Rfd1 h5 31. g5 Ng4 32. Qb6 Ba8 33. Nxb5 Rb8 34. Qa5 Ne3 35. Rd3 Nxg2 36. Rc7 Rd7 37. Rdc3 Bxe4 38. Qa7 Rbd8 39. a4 Nf4 40. a5 Ne2+ 41. Kf2 Nxc3 42. Rxd7 Rxd7 43. Qb8+ Rd8 0-1


[Site "https://www.chess.com"]

[Event "Titled Tuesday Blitz May 03 Early 2022"]
[White "Le, Tuan Minh"]
[Black "Lazavik, Denis"]
[WhiteFideId "12401153"]
[BlackFideId "13515110"]
[WhiteElo "2450"]
[BlackElo "2437"]
[Result "1-0"]
[Round "07"]
[TimeControl "180+1"]
[Date "2022.05.03"]
[WhiteClock "0:01:06"]
[BlackClock "0:00:18"]

1. d4 d5 2. Nf3 Nf6 3. Bf4 c5 4. c3 cxd4 5. cxd4 Nc6 6. Nc3 Bf5 7. Qb3 Na5 8. Qa4+ Bd7 9. Qc2 e6 10. e3 Be7 11. Bd3 Nc6 12. a3 Nh5 13. Be5 f6 14. Bg3 f5 15. O-O O-O 16. Rac1 Rc8 17. Qb3 Na5 18. Qd1 Nxg3 19. hxg3 Bd6 20. Rc2 Be8 21. Ne2 Rxc2 22. Qxc2 Rf7 23. Nf4 Bc7 24. b4 Bxf4 25. exf4 Nc6 26. Re1 Re7 27. b5 Nb8 28. Qc5 b6 29. Qb4 Bg6 30. Ng5 Qd7 31. a4 h6 32. Nf3 Be8 33. Bxf5 a5 34. Qa3 Bh5 35. g4 Re8 36. Bb1 Bf7 37. Ne5 Qc7 38. g5 Nd7 39. g6 1-0


[Site "https://www.chess.com"]

[Event "Titled Tuesday Blitz May 03 Early 2022"]
[White "Lehtosaari, Mauri"]
[Black "Miszler, Levente"]
[WhiteFideId "501999"]
[BlackFideId "763276"]
[WhiteElo "2527"]
[BlackElo "1966"]
[Result "1-0"]
[Round "07"]
[TimeControl "180+1"]
[Date "2022.05.03"]
[WhiteClock "0:00:28"]
[BlackClock "0:01:18"]

1. d4 e6 2. Nf3 Nf6 3. Bg5 d5 4. Nbd2 Be7 5. e3 c5 6. c3 Nc6 7. Bd3 Nd7 8. Bf4 f6 9. e4 dxe4 10. Bxe4 O-O 11. O-O f5 12. Bc2 g5 13. Be5 Ndxe5 14. Nxe5 Nxe5 15. dxe5 b6 16. Bb3 Qd7 17. Nc4 Rd8 18. Qh5 Bb7 19. Qh6 Bd5 20. Rad1 Qe8 21. Ne3 Bxb3 22. axb3 Qg6 23. Qxg6+ hxg6 24. g3 Kf7 25. Kg2 Bf8 26. Nc4 Rac8 27. f4 gxf4 28. gxf4 Be7 29. Kf3 Rh8 30. Rd7 Rxh2 31. Nd6+ Kf8 32. Nxc8 1-0


[Site "https://www.chess.com"]

[Event "Titled Tuesday Blitz May 03 Early 2022"]
[White "Levitskiy, Andrey"]
[Black "Leiva, Gianmarco"]
[WhiteFideId "14132885"]
[BlackFideId "3804399"]
[WhiteElo "2301"]
[BlackElo "2323"]
[Result "1/2-1/2"]
[Round "07"]
[TimeControl "180+1"]
[Date "2022.05.03"]
[WhiteClock "0:00:05"]
[BlackClock "0:00:06"]

1. e4 g6 2. d4 Bg7 3. Nc3 d6 4. Be3 a6 5. Qd2 b5 6. h4 Nf6 7. f3 h5 8. Nh3 Bxh3 9. Rxh3 Nbd7 10. O-O-O c6 11. Kb1 Qa5 12. Bd3 Nb6 13. e5 Nfd5 14. Nxd5 Qxd2 15. Nc7+ Kd7 16. Bxd2 Kxc7 17. f4 Nd5 18. c4 bxc4 19. Bxc4 Kd7 20. Re1 Bh6 21. Rb3 Rhb8 22. g3 Rxb3 23. Bxb3 e6 24. Rc1 Bf8 25. Ba4 Rc8 26. a3 Nb6 27. Bb3 Be7 28. Ka2 Bd8 29. Bb4 Be7 30. Ba5 Nd5 31. Bd2 Bd8 32. Ba4 Ne7 33. Be3 Bb6 34. Bf2 Rc7 35. b4 d5 36. Kb3 Nf5 37. Kc3 Ba7 38. Kd3 Bb6 39. Rc2 Rc8 40. Rc1 Nh6 41. Rc2 Ng4 42. Bg1 Nh6 43. Bf2 Rc7 44. Rc1 Ng8 45. Bd1 Ne7 46. Be2 Nf5 47. Rd1 Nh6 48. Kc2 a5 49. Kb3 axb4 50. axb4 Ra7 51. Bd3 Ng4 52. Bg1 Kc7 53. Rc1 Kb7 54. b5 cxb5 55. Bxb5 Kb8 56. Rc6 Bc7 57. Ba6 Nh6 58. Ka4 Nf5 59. Kb5 Nxg3 60. Rc3 Ne2 61. Rb3 Nxg1 62. Kc6+ Ka8 63. Bb7+ Rxb7 64. Rxb7 Bb8 65. Rxf7 Nf3 66. Kd7 Nxd4 67. Rf6 Nf5 68. Kxe6 d4 69. Rxg6 Nxh4 70. Rg1 Nf3 71. Rf1 Nh2 72. Rd1 Nf3 73. f5 h4 74. f6 h3 75. f7 Ng5+ 76. Ke7 Nxf7 77. Kxf7 Bxe5 78. Ke6 Bg7 79. Kf5 Kb7 80. Kg4 h2 81. Kh3 Be5 82. Re1 Kc6 83. Kg2 Kd5 84. Kf3 Kc4 85. Kg2 Kc3 86. Rxe5 d3 87. Rd5 d2 88. Kxh2 Kc2 89. Rc5+ Kd3 90. Rd5+ Ke2 91. Rxd2+ Kxd2 1/2-1/2


[Site "https://www.chess.com"]

[Event "Titled Tuesday Blitz May 03 Early 2022"]
[White "Ljukin, Sergei"]
[Black "Jaracz, Pawel"]
[WhiteFideId "14102200"]
[BlackFideId "1102222"]
[WhiteElo "2312"]
[BlackElo "2429"]
[Result "1-0"]
[Round "07"]
[TimeControl "180+1"]
[Date "2022.05.03"]
[WhiteClock "0:00:22"]
[BlackClock "0:00:25"]

1. e4 c5 2. Nf3 Nc6 3. d4 cxd4 4. Nxd4 Nf6 5. Nc3 e5 6. Ndb5 d6 7. Nd5 Nxd5 8. exd5 Ne7 9. c3 Ng6 10. Qa4 Bd7 11. Qb4 Qb8 12. Qc4 Kd8 13. a4 Be7 14. Be3 f5 15. f3 Bh4+ 16. g3 Bf6 17. Bd3 Ne7 18. Qb4 Nc8 19. a5 Bxb5 20. Qxb5 a6 21. Qb4 Ke7 22. Bxf5 g6 23. Be6 Kf8 24. O-O Kg7 25. f4 e4 26. Qxe4 Ne7 27. Bd4 Rf8 28. f5 g5 29. Qg4 h6 30. h4 Bxd4+ 31. Qxd4+ Rf6 32. hxg5 hxg5 33. Qg4 Qh8 34. Qxg5+ Kf8 35. Kg2 Qg7 36. Qf4 Ng6 37. Qxd6+ 1-0


[Site "https://www.chess.com"]

[Event "Titled Tuesday Blitz May 03 Early 2022"]
[White "Lorparizangeneh, Shahin"]
[Black "Hnydiuk, Aleksander"]
[WhiteFideId "12521604"]
[BlackFideId "1109057"]
[WhiteElo "2525"]
[BlackElo "2374"]
[Result "1-0"]
[Round "07"]
[TimeControl "180+1"]
[Date "2022.05.03"]
[WhiteClock "0:01:08"]
[BlackClock "0:01:20"]

1. Nf3 Nf6 2. g3 g6 3. Bg2 Bg7 4. O-O O-O 5. d4 d6 6. c4 Nc6 7. Nc3 e5 8. dxe5 dxe5 9. Bg5 Be6 10. Nd2 Qc8 11. Nd5 Nd7 12. Be3 Nb6 13. b4 Rd8 14. b5 Bxd5 15. cxd5 Nb4 16. Bxb6 axb6 17. Qb3 e4 18. Qxb4 Bxa1 19. Rxa1 e3 20. fxe3 Qf5 21. Qc3 Re8 22. e4 Qe5 23. Qxe5 Rxe5 24. Nc4 Ree8 25. a4 f6 26. d6 cxd6 27. Nxb6 Rad8 28. a5 Re5 29. Nd5 1-0


[Site "https://www.chess.com"]

[Event "Titled Tuesday Blitz May 03 Early 2022"]
[White "Mammadzada, Gunay"]
[Black "Bocharov, Dmitry"]
[WhiteFideId "13403729"]
[BlackFideId "4138716"]
[WhiteElo "2482"]
[BlackElo "2732"]
[Result "1-0"]
[Round "07"]
[TimeControl "180+1"]
[Date "2022.05.03"]
[WhiteClock "0:00:21"]
[BlackClock "0:00:21"]

1. e4 c5 2. Nf3 d6 3. d4 cxd4 4. Nxd4 Nf6 5. Nc3 a6 6. Be2 e5 7. Nf3 Be7 8. Bg5 Nbd7 9. Nd2 h6 10. Bxf6 Nxf6 11. Nc4 O-O 12. a4 Be6 13. a5 Rc8 14. Nb6 Rc5 15. O-O Rxa5 16. Rxa5 Qxb6 17. Qa1 Rc8 18. Bd3 Bd8 19. Ra4 Qc5 20. Qa3 Bb6 21. Qxc5 Bxc5 22. Ne2 Rc6 23. h3 Kf8 24. c4 Rb6 25. Rb1 Ke7 26. b4 Bd4 27. Nxd4 exd4 28. c5 Rc6 29. b5 axb5 30. cxd6+ Kxd6 31. Rxb5 Rc1+ 32. Kh2 Kc7 33. Rab4 Bc8 34. Rxd4 Nd7 35. Rc4+ Rxc4 36. Bxc4 f6 37. Be6 Ne5 38. Rc5+ Nc6 39. Bxc8 Kxc8 40. f4 Kd7 41. Kg3 b6 42. Rb5 Kc7 43. e5 fxe5 44. fxe5 Nd4 45. Rb1 Kc6 46. Kf4 Ne2+ 47. Kf5 b5 48. e6 Kd6 49. e7 1-0


[Site "https://www.chess.com"]

[Event "Titled Tuesday Blitz May 03 Early 2022"]
[White "Martinez Alcantara, Jose Eduardo"]
[Black "Piesik, Piotr"]
[WhiteFideId "3805662"]
[BlackFideId "1136194"]
[WhiteElo "2690"]
[BlackElo "2190"]
[Result "1-0"]
[Round "07"]
[TimeControl "180+1"]
[Date "2022.05.03"]
[WhiteClock "0:01:02"]
[BlackClock "0:01:11"]

1. e4 g6 2. d4 Bg7 3. c3 d6 4. Bd3 Nd7 5. f4 e5 6. Nf3 Qe7 7. O-O Ngf6 8. Nbd2 O-O 9. Re1 exf4 10. Nc4 Nh5 11. e5 d5 12. Ncd2 Nb6 13. a4 a5 14. b3 Re8 15. Ba3 Qd8 16. Qe2 Bg4 17. Qf2 Bxf3 18. Nxf3 Bf8 19. Bxf8 Kxf8 20. g4 fxg3 21. hxg3 Ng7 22. Rf1 Kg8 23. Nh2 Re7 24. Ng4 Nh5 25. Nh6+ Kg7 26. Nf5+ Kg8 27. g4 Ng7 28. Nh6+ Kh8 29. Qh4 Qe8 30. Rf2 f5 31. exf6 Re1+ 32. Rxe1 Qxe1+ 33. Kg2 Ne6 34. g5 Qe3 35. Nf7+ Kg8 36. Bxg6 hxg6 37. Qh8+ Kxf7 38. Qh7+ Kf8 39. Qe7+ Kg8 40. f7+ Kh8 41. f8=Q+ Rxf8 42. Rxf8+ Nxf8 43. Qxe3 1-0


[Site "https://www.chess.com"]

[Event "Titled Tuesday Blitz May 03 Early 2022"]
[White "Matinian, Nikita"]
[Black "Dauner, Benedikt"]
[WhiteFideId "24129100"]
[BlackFideId "16225899"]
[WhiteElo "2422"]
[BlackElo "2230"]
[Result "1-0"]
[Round "07"]
[TimeControl "180+1"]
[Date "2022.05.03"]
[WhiteClock "0:00:05"]
[BlackClock "0:00:01"]

1. e4 Nf6 2. e5 Nd5 3. d4 d6 4. Nf3 g6 5. Bc4 Nb6 6. Bb3 Bg7 7. O-O O-O 8. Qe2 Bg4 9. c3 Nc6 10. e6 d5 11. h3 Bxf3 12. Qxf3 fxe6 13. Qg4 Qd6 14. Nd2 Rf7 15. Nf3 e5 16. Ng5 Rf5 17. Ne4 Qd8 18. Ng3 Rf8 19. dxe5 Nxe5 20. Qe6+ Kh8 21. Bg5 Bf6 22. f4 Nec4 23. Rae1 Qd6 24. Bxf6+ exf6 25. Qxd6 Nxd6 26. Re7 Rf7 27. Rfe1 Raf8 28. f5 Rxe7 29. Rxe7 Rf7 30. Re6 Nxf5 31. Nxf5 gxf5 32. Bc2 f4 33. Kf2 Kg7 34. Kf3 Nc4 35. b3 Ne5+ 36. Kxf4 Ng6+ 37. Bxg6 hxg6 38. g4 Rd7 39. Re8 c5 40. Ke3 d4+ 41. cxd4 cxd4+ 42. Kd3 a6 43. Re4 Kh6 44. h4 f5 45. gxf5 gxf5 46. Rxd4 Rxd4+ 47. Kxd4 Kh5 48. Ke5 Kg4 49. h5 f4 50. h6 f3 51. h7 f2 52. h8=Q f1=Q 53. Qg7+ Kh5 54. Qxb7 Qa1+ 55. Kd6 Qxa2 56. Kc5 Qa3+ 57. b4 Kg5 58. Qe7+ Kf5 59. Kb6 Qa4 60. Qc5+ Ke6 61. Qa5 Qb3 62. Kxa6 Kd7 63. Qc5 Kd8 64. b5 Qa4+ 65. Kb7 Qa2 66. b6 1-0


[Site "https://www.chess.com"]

[Event "Titled Tuesday Blitz May 03 Early 2022"]
[White "Matveeva, Olga"]
[Black "Taboas Rodriguez, Daniel"]
[WhiteFideId "24107018"]
[BlackFideId "2208466"]
[WhiteElo "2083"]
[BlackElo "2429"]
[Result "0-1"]
[Round "07"]
[TimeControl "180+1"]
[Date "2022.05.03"]
[WhiteClock "0:00:19"]
[BlackClock "0:00:32"]

1. d4 Nf6 2. c4 g6 3. Nf3 Bg7 4. g3 b6 5. Bg2 Bb7 6. O-O O-O 7. Nc3 Ne4 8. Qc2 Nxc3 9. Qxc3 c5 10. Be3 Nc6 11. Rfd1 d5 12. Qe1 dxc4 13. dxc5 Qc7 14. cxb6 axb6 15. Nd4 Nxd4 16. Bxd4 Bxg2 17. Kxg2 e5 18. Bc3 b5 19. a3 Rfd8 20. e4 Qc6 21. f3 f6 22. Rxd8+ Rxd8 23. Rd1 Rd7 24. Rd2 Bh6 25. Rd1 Rd3 26. Qe2 Qd7 27. Rxd3 cxd3 28. Qd1 Be3 29. f4 d2 30. fxe5 fxe5 31. Bxe5 Qf7 32. Qg4 Qf2+ 33. Kh3 Qf1+ 34. Kh4 g5+ 35. Kh5 Qf7+ 0-1


[Site "https://www.chess.com"]

[Event "Titled Tuesday Blitz May 03 Early 2022"]
[White "Melian, Juan Sebastian"]
[Black "Fernandez Siles, Luis"]
[WhiteFideId "3706575"]
[BlackFideId "2209420"]
[WhiteElo "1842"]
[BlackElo "2212"]
[Result "1-0"]
[Round "07"]
[TimeControl "180+1"]
[Date "2022.05.03"]
[WhiteClock "0:01:10"]
[BlackClock "0:00:01"]

1. e4 c5 2. b3 Nc6 3. Bb2 e5 4. Bb5 d6 5. Bxc6+ bxc6 6. d3 g6 7. Nd2 Bg7 8. Ne2 Ne7 9. O-O O-O 10. f4 f6 11. Qe1 a5 12. a4 Be6 13. Bc3 d5 14. fxe5 fxe5 15. Qg3 d4 16. Bb2 Qd6 17. Ba3 h6 18. Nf3 Rad8 19. h4 Kh7 20. Rf2 Ng8 21. Raf1 Nf6 22. Nxe5 g5 23. hxg5 1-0


[Site "https://www.chess.com"]

[Event "Titled Tuesday Blitz May 03 Early 2022"]
[White "Melikhov, Evgeny V."]
[Black "Harish, Neeraj"]
[WhiteFideId "4122046"]
[BlackFideId "30958130"]
[WhiteElo "1931"]
[BlackElo "1574"]
[Result "1-0"]
[Round "07"]
[TimeControl "180+1"]
[Date "2022.05.03"]
[WhiteClock "0:00:36"]
[BlackClock "0:00:01"]

1. d4 d5 2. c4 c6 3. Nc3 Nf6 4. e3 e6 5. Nf3 Bd6 6. Bd3 O-O 7. O-O dxc4 8. Bxc4 b5 9. Bb3 Bb7 10. e4 Bc7 11. e5 Nd5 12. Ne4 Nd7 13. Bg5 Qe8 14. Qe2 c5 15. Nxc5 Nxc5 16. dxc5 h6 17. Bd2 Qe7 18. Rac1 Bc6 19. Bc2 f6 20. b4 a5 21. a3 axb4 22. axb4 Ra2 23. Qd3 f5 24. Nd4 Qd7 25. Nxc6 Qxc6 26. Bb3 Rb2 27. f4 Rd8 28. Rf2 Nxf4 29. Qc3 Rbxd2 30. Rxd2 Rxd2 31. Qxd2 Bxe5 32. Re1 Bc7 33. Rf1 g5 34. Rf2 1-0


[Site "https://www.chess.com"]

[Event "Titled Tuesday Blitz May 03 Early 2022"]
[White "Meshkovs, Nikita"]
[Black "Trost, Edvin"]
[WhiteFideId "11602740"]
[BlackFideId "1729519"]
[WhiteElo "2786"]
[BlackElo "2588"]
[Result "1-0"]
[Round "07"]
[TimeControl "180+1"]
[Date "2022.05.03"]
[WhiteClock "0:00:39"]
[BlackClock "0:00:17"]

1. Nf3 Nf6 2. d4 d5 3. c4 e6 4. g3 h6 5. Bg2 Bd6 6. O-O O-O 7. b3 Nc6 8. Bb2 Re8 9. Nbd2 e5 10. dxe5 Nxe5 11. Nxe5 Bxe5 12. Bxe5 Rxe5 13. cxd5 Bg4 14. f3 Bd7 15. e4 c6 16. Nc4 Re8 17. d6 b5 18. Ne3 Qb6 19. Qd2 Nd5 20. Rfe1 Nxe3 21. Qxe3 f6 22. f4 Rad8 23. Qxb6 axb6 24. e5 Kf7 25. a4 bxa4 26. Rxa4 Ra8 27. Rc4 Rac8 28. Bf3 g6 29. h4 h5 30. Kf2 Re6 31. Ra4 Ke8 32. Ra7 Kd8 33. g4 hxg4 34. Bxg4 f5 35. Bf3 b5 36. h5 gxh5 37. Rg1 c5 38. Bxh5 c4 39. Rg8+ Be8 40. d7 1-0


[Site "https://www.chess.com"]

[Event "Titled Tuesday Blitz May 03 Early 2022"]
[White "Mikhailovsky, Vladimir"]
[Black "Bacrot, Etienne"]
[WhiteFideId "34105414"]
[BlackFideId "605506"]
[WhiteElo "2349"]
[BlackElo "2673"]
[Result "0-1"]
[Round "07"]
[TimeControl "180+1"]
[Date "2022.05.03"]
[WhiteClock "0:00:05"]
[BlackClock "0:00:13"]

1. e4 c5 2. Nf3 d6 3. c3 Nf6 4. h3 Bd7 5. Bd3 g6 6. O-O Bg7 7. Bc2 Nc6 8. d4 cxd4 9. cxd4 O-O 10. a3 d5 11. e5 Ne4 12. Nbd2 Bf5 13. Re1 Rc8 14. Nxe4 dxe4 15. Bxe4 Bxe4 16. Rxe4 Qd5 17. Qe2 Rfd8 18. Bg5 h6 19. Bh4 Qb3 20. Rd1 Rd5 21. e6 f5 22. Re3 Qa4 23. Bg3 Nxd4 24. Nxd4 Rxd4 25. Rxd4 Qxd4 26. Rb3 f4 27. Rd3 Rc1+ 28. Kh2 fxg3+ 29. Rxg3 Be5 30. Qf3 Bxg3+ 31. Kxg3 Qe5+ 32. Kh4 0-1


[Site "https://www.chess.com"]

[Event "Titled Tuesday Blitz May 03 Early 2022"]
[White "Mirzoev, Azer"]
[Black "Pranav, V"]
[WhiteFideId "13400304"]
[BlackFideId "25060783"]
[WhiteElo "2525"]
[BlackElo "2349"]
[Result "1-0"]
[Round "07"]
[TimeControl "180+1"]
[Date "2022.05.03"]
[WhiteClock "0:00:06"]
[BlackClock "0:00:04"]

1. d4 d5 2. Nf3 Nf6 3. Bf4 c5 4. e3 Nc6 5. c3 g6 6. Nbd2 cxd4 7. cxd4 Bg7 8. h3 O-O 9. Be2 Bf5 10. a3 Rc8 11. O-O Na5 12. Qa4 Bc2 13. Qb4 Re8 14. Rfc1 Bf8 15. Be5 Nd7 16. Bb5 Nxe5 17. dxe5 e6 18. Qf4 Re7 19. Nd4 Bf5 20. g4 Be4 21. f3 a6 22. Bf1 Nc6 23. fxe4 Nxd4 24. exd4 Rd7 25. Nf3 Rc6 26. exd5 Rxd5 27. Rxc6 bxc6 28. Bc4 Rd7 29. Kg2 c5 30. dxc5 Bxc5 31. Re1 Be7 32. Re2 Qb6 33. b4 Qc6 34. Qe4 Qa4 35. Qa8+ Rd8 36. Qxa6 Qd1 37. Rf2 Qd7 38. Rc2 Qd1 39. Rf2 Qd7 40. Qb5 Qc7 41. Qa6 Kg7 42. Rc2 Qd7 43. Qb5 Qd1 44. Rf2 Qc1 45. Qb7 Re8 46. Bb5 Qc8 47. Qa7 Qa8 48. Qxa8 Rxa8 49. a4 Bxb4 50. Rc2 h6 51. h4 Ra7 52. g5 hxg5 53. hxg5 Be7 54. Kf2 Ra8 55. Ke2 Rh8 56. Rc7 Bd8 57. Rd7 Ba5 58. Rb7 Rd8 59. Rd7 Rc8 60. Ra7 Bb6 61. Rb7 Bc5 62. Bd3 Ra8 63. Bb5 Rc8 64. Bd7 Rb8 65. Rxb8 Bd6 66. exd6 f6 67. gxf6+ Kf7 68. a5 Kxf6 69. a6 e5 70. a7 e4 71. a8=Q exf3+ 72. Qxf3+ Kg5 73. Qe3+ Kf6 74. Be8 Kg7 75. Bxg6 Kf6 76. Rf8+ Kg7 77. Rf3 Kh8 78. Rf2 Kg8 79. Be8 Kg7 80. Qg3+ Kh8 81. Rh2# 1-0


[Site "https://www.chess.com"]